 Dungeon Crawl Stone Soup version 0.30-a0-322-g102857c98e (console) character file.

Game seed: 2422810854253704014

1 petzl the Sneak (level 1, -12/18 HPs)
             Began as a Formicid Delver on Oct 28, 2022.
             Killed from afar by a steam dragon (18 damage)
             ... with a ball of steam
             ... on level 7 of the Dungeon.
             The game lasted 00:01:51 (171 turns).

petzl the Sneak (Formicid Delver)                    Turns: 171, Time: 00:01:52

Health: -12/18     AC:  3    Str: 16    XL:     1   Next: 22%
Magic:  1/1        EV: 12    Int:  9    God:
Gold:   18         SH:  0    Dex: 15    Spells: 0/0 levels left

rFire   . . .      SeeInvis +    a - +0 falchion
rCold   . . .      Faith    .    (no shield)
rNeg    . . .      Spirit   .    b - +0 leather armour
rPois   .          Reflect  .    (helmet unavailable)
rElec   .          Harm     .    (no cloak)
rCorr   .          Rampage  .    (no gloves)
Will    .....                    (no boots)
Stlth   +++.......               (no amulet)
HPRegen 0.23/turn                (no ring)
MPRegen 0.07/turn                (no ring)

@: no status effects
A: permanent stasis, dig shafts and tunnels, antennae 3, four strong arms
a: Dig, Shaft Self


You were on level 7 of the Dungeon.
You visited 2 branches of the dungeon, and saw 4 of its levels.

You collected 18 gold pieces.

Inventory:

Hand Weapons
 a - a +0 falchion (weapon)
 h - a +0 sling
Armour
 b - a +0 leather armour (worn)
Jewellery
 g - a ring of resist corrosion
Wands
 f - a wand of digging (3)
Scrolls
 c - a scroll of fog
 d - a scroll of magic mapping
 e - a scroll of fear


   Skills:
 + Level 3.3 Fighting
 - Level 2.0 Long Blades
 - Level 1.7 Dodging
 - Level 6.0 Stealth
 * Level 0.2 Spellcasting


You couldn't memorise any spells.
You didn't know any spells.
Your spell library was empty.

Dungeon Overview and Level Annotations

Branches:
Dungeon (6/15)             Temple (1/1) D:6

Altars:
Ashenzari
Elyvilon
Makhleb
Nemelex Xobeh
Trog
Uskayaw
Vehumet
The Shining One
Lugonu

Annotations:
D:6 Eustachio


Innate Abilities, Weirdness & Mutations

You cannot be hasted, slowed, berserked, paralysed or teleported.
You can dig through walls and to a lower floor.
You have a pair of large antennae on your head. (SInv)
Your four strong arms can wield two-handed weapons with a shield.


Message History

There is a corrupted altar of Lugonu here.
You enter the shallow water.
Moving in this stuff is going to be slow.
There is a staircase back to the Dungeon here.
You climb upwards.
Level annotation: Eustachio The river rat bites you.
There is a staircase to the Ecumenical Temple here.
Are you sure you want to shaft yourself?
The river rat bites you.
You begin to dig a shaft.
You continue digging a shaft.
The river rat bites you. A shaft appears beneath you!
You fall into a shaft and drop 1 floor!
The shaft crumbles and collapses.
You start resting.
HP restored.
Found 13 gold pieces.
You now have 18 gold pieces (gained 13).
A hobgoblin comes into view. It is carrying a wand of flame (9).
Found a radiant altar of Vehumet.
The hobgoblin shouts!
You hear a shout!
A steam dragon comes into view.
The hobgoblin hits you.
You hit the hobgoblin.
The hobgoblin is heavily wounded.
The hobgoblin hits you but does no damage.
You barely miss the hobgoblin.
The hobgoblin is heavily wounded.
The steam dragon breathes steam at you. The ball of steam hits you!
Ouch! That really hurt!
The hobgoblin closely misses you. The hobgoblin attacks as you move away!
The hobgoblin completely misses you.
You slash the hobgoblin!
You kill the hobgoblin!
The steam dragon breathes steam at you. The ball of steam hits you!!
Ouch! That really hurt!
You die...

.... .....#
#...##.....#
#...#......
#..D.....#
###..§#§...#
....§§...#
.####.#§§.#.#
........§@..#
####...#...##
#........#
#####....#
#....#
##############
##.###
#............#
###.#
#.##########.#
##...# ...
#.#####..###
####
#.##....##
#....####
#.#### #.# ..#
.#.# ....# .#
### ..


There were no monsters in sight!

Vanquished Creatures
  A hobgoblin (D:7)
1 creature vanquished.

Notes
Turn   | Place    | Note
-------+----------+-------------------------------------------
     0 | D:5      | petzl the Formicid Delver began the quest for the Orb.
     0 | D:5      | Reached XP level 1. HP: 18/18 MP: 1/1
    11 | D:5      | Noticed a scorpion
    41 | D:6      | Found a staircase to the Ecumenical Temple.
    42 | D:6      | Noticed Eustachio
    52 | Temple   | Entered the Ecumenical Temple
    97 | D:6      | You fall into a shaft and drop 1 floor!
   160 | D:7      | Found a radiant altar of Vehumet.
   166 | D:7      | Noticed a steam dragon
   171 | D:7      | Killed from afar by a steam dragon

Illustrated notes

Levels and vault maps discovered:
D:5:      layout_loops_ring, kennysheep_little_box,
          pdpol_wu_jian_five_deadly_venoms, serial_shops, shop
D:6:      layout_loops_ring, led_sif_pool, minmay_temple_entry_stoned_glass,
          uniq_eustachio
D:7:      layout_basic, vehumet_altar_wand_db, serial_shops, shop,
          minmay_shop_chei, uniq_duvessa
Temple:   corrupted_temple

Action                   || total
-------------------------++-------
Melee: Falchion          ||     3
 Abil: Shaft Self        ||     1
Armor: Leather armour    ||     1
Dodge: Dodged            ||     2

Table legend: (Time is in decaauts)
 A = Elapsed time spent in this place.
 B = Non-inter-level travel time spent in this place.
 C = Inter-level travel time spent in this place.
 D = Time resting spent in this place.
 E = Time spent auto-exploring this place.
 F = Levels seen in this place.
 G = Mean time per level.
                   A        B        C        D        E       F      G
               +--------+--------+--------+--------+--------+-----+--------+
         Total |    172 |    172 |      0 |     40 |     30 |   4 |   43.0 |
       Dungeon |    130 |    130 |      0 |     40 |      8 |   3 |   43.3 |
        Temple |     41 |     41 |      0 |      0 |     22 |   1 |   41.0 |
               +--------+--------+--------+--------+--------+-----+--------+

Top non-repeatable levels by time:
     D:7: 74 daAuts
  Temple: 41 daAuts
     D:6: 33 daAuts
     D:5: 23 daAuts
